 Dungeon Crawl Stone Soup version 0.18-a0-1391-gbff3df0 (webtiles) character file.

193 KINGKRU the Firebug (level 5, -3/38 HPs)
             Began as a Demigod Fire Elementalist on Feb 22, 2016.
             Killed by nerve-wracking pain
             ... invoked by an orc priest
              (8 damage)
             ... on level 4 of the Dungeon on Feb 23, 2016.
             The game lasted 00:24:27 (3662 turns).

KINGKRU the Firebug (Demigod Fire Elementalist)     Turns: 3662, Time: 00:24:27

Health: -3/38      AC:  5    Str: 11    XL:     5   Next: 19%
Magic:  6/12       EV:  6    Int: 21    God:
Gold:   216        SH:  0    Dex: 16    Spells: 2 memorised, 5 levels left

rFire  . . .     SeeInvis .     (no weapon)
rCold  . . .     Gourm    .     d - +0 ring mail (curse)
rNeg   . . .     Faith    .     (no shield)
rPois  .         Spirit   .     (no helmet)
rElec  .         Dismiss  .     (no cloak)
rCorr  .         Reflect  .     (no gloves)
SustAt +         Harm     .     (no boots)
MR     .....                    (no amulet)
Stlth  +.........               (no ring)
                                (no ring)

@: very slightly contaminated, not resistant to hostile enchantments, very
unstealthy
A: high mp 1, sustain attributes
a: no special abilities


You were on level 4 of the Dungeon.
You were not hungry.

You visited 1 branch of the dungeon, and saw 4 of its levels.

You collected 216 gold pieces.

Inventory:

Hand Weapons
 i - a +2 mace of crushing
 j - a +1 dagger of venom
Armour
 a - a +0 robe
 d - a cursed +0 ring mail (worn)
 h - a +1 robe
Jewellery
 k - a cursed ring of poison resistance {unknown}
Scrolls
 e - 3 scrolls of teleportation
 f - a scroll of identify
Potions
 g - 2 potions of curing
Books
 b - a book of Flames

   Spells                             Type                      Level
   a - Flame Tongue                   Conjuration/Fire             1
   b - Throw Flame                    Conjuration/Fire             2
   c - Conjure Flame                  Conjuration/Fire             3
   d - Inner Flame                    Hexes/Fire                   3
   e - Sticky Flame                   Conjuration/Fire             4
   f - Fireball                       Conjuration/Fire             5
Comestibles
 c - 3 bread rations


   Skills:
 + Level 0.1 Fighting
 + Level 1.1 Armour
 + Level 1.9 Dodging
 + Level 1.9 Stealth
 + Level 2.9 Spellcasting
 + Level 1.9 Conjurations
 * Level 4.1 Fire Magic


You had 5 spell levels left.
You knew the following spells:

 Your Spells              Type           Power        Failure   Level  Hunger
a - Flame Tongue          Conj/Fire      ###..        12%         1    None
b - Conjure Flame         Conj/Fire      ###.....     30%         3    ###....


Dungeon Overview and Level Annotations

Branches:
Dungeon (4/15)
 Temple: D:4-7


Innate Abilities, Weirdness & Mutations

You have an increased reservoir of magic (+10% MP).
Your attributes are resistant to harm.


Message History

Confirm with . or Enter, or press ? or * to list all spells.
Aiming: Flame Tongue
Press: ? - help, Shift-Dir - straight line, f - orc, p - orc wizard
Aim: an orc, wearing a chain mail (heavily wounded)
The flame tongue hits the orc.
You kill the orc!
The orc wizard misses you.
The orc wizard hits you but does no damage.
The orc wizard hits you with a dagger.
* * * LOW HITPOINT WARNING * * *
The orc priest calls down the wrath of Beogh upon you.
You struggle to resist.
There is a stone staircase leading up, spattered with blood here.
You see here a chain mail.
The orc wizard points at you and mumbles some strange words.
The magic dart hits you!
* * * LOW HITPOINT WARNING * * *
The orc priest calls down the wrath of Beogh upon you.
Pain shoots through your body!
You die...

## .# ####### .. ..# #..
..# .# #... ####.###.##
.#....
###.........#######.#..#
............##....#...#
............##.##....#
..§..........†.o.o...+
.....#.###.###.#@..†.#
.####### ### ########..#
##


You could see an orc priest and an orc wizard.

Vanquished Creatures
  An orc wizard (D:3)
  2 worker ants (D:4)
  A hound skeleton (D:4)
  3 adders
  3 worms
  3 dart slugs
  3 giant geckos
  4 orcs
  8 bats
  4 giant cockroaches
  9 goblins
  A hobgoblin (D:2)
  4 jackals (D:1)
  3 kobolds (D:1)
  3 quokkas
  A giant newt (D:1)
  7 rats
60 creatures vanquished.

Notes
Turn   | Place    | Note
--------------------------------------------------------------
     0 | D:1      | KINGKRU the Demigod Fire Elementalist began the quest for the Orb.
     0 | D:1      | Reached XP level 1. HP: 14/14 MP: 5/5
   122 | D:1      | Reached skill level 1 in Conjurations
   358 | D:1      | Reached XP level 2. HP: 15/20 MP: 0/7
   427 | D:1      | Upgraded the game from 0.18-a0-1390-gc02854d to 0.18-a0-1391-gbff3df0
   568 | D:1      | Reached skill level 3 in Fire Magic
  1382 | D:2      | Reached XP level 3. HP: 26/26 MP: 1/9
  1457 | D:2      | Learned a level 3 spell: Conjure Flame
  2621 | D:3      | Reached XP level 4. HP: 31/33 MP: 0/10
  3203 | D:3      | Found a faded altar to an unknown god.
  3340 | D:4      | Reached skill level 1 in Armour
  3345 | D:4      | Reached skill level 4 in Fire Magic
  3345 | D:4      | Reached XP level 5. HP: 20/38 MP: 2/12
  3662 | D:4      | Killed from afar by an orc priest

Vault maps used:
D:1:      eino_arrival_cavern_c
D:2:      first_bread
D:3:      ecumenical_altar_1, minmay_misc_feat_encased
D:4:      grunt_temple_overflow_magic_moments, tso_oasis_becter,
          lemuel_doored_altar, lemuel_coloured_pillars_altar, serial_shops,
          nicolae_shop_overgrown_old_shop

Skill      XL: |  1  2  3  4 |
---------------+-------------+-----
Conjurations   | 1 |  1.9
Spellcasting   | 2 |  2.9
Fire Magic     | 3 4 |  4.1
Armour         | 1 |  1.1
Fighting       | |  0.1
Dodging        | |  1.9
Stealth        | |  1.9

Action                   |  1- 3 |  4- 6 || total
-------------------------+-------+-------++-------
Melee: Unarmed           |     1 |       ||     1
 Cast: Flame Tongue      |    91 |    43 ||   134
  Use: Scroll            |     4 |     1 ||     5
       Potion            |     4 |       ||     4
  Eat: Beef jerky        |     1 |       ||     1
       Meat ration       |     1 |       ||     1
       Bread ration      |       |     1 ||     1
